 Dungeon Crawl Stone Soup version 0.20-a0-656-g9b0dcd9 (webtiles) character file.

805 Laphicet the Chucker (level 7, -2/67 HPs)
             Began as a Troll Hunter on Feb 16, 2017.
             Was a Believer of Cheibriados.
             Slain by Blork the orc
             ... wielding a +0 battleaxe
              (19 damage)
             ... on level 4 of the Dungeon.
             The game lasted 00:07:55 (2988 turns).

Laphicet the Chucker (Troll Hunter)                 Turns: 2988, Time: 00:07:56

Health: -2/67      AC:  5    Str: 26    XL:     7   Next: 60%
Magic:  7/7        EV: 17    Int: 14    God:    Cheibriados [**....]
Gold:   227        SH:  0    Dex: 18    Spells: 6/6 levels left

rFire    . . .     SeeInvis .     - Unarmed
rCold    + . .     Gourm    +   b - +0 robe
rNeg     . . .     Faith    .   (no shield)
rPois    +         Spirit   .   (helmet restricted)
rElec    .         Reflect  .   x - scarf {rC+}
rCorr    .         Harm     .   (gloves unavailable)
MR       .....                  (boots unavailable)
Stlth    +++.......             (no amulet)
Regen    0.7/turn               (no ring)
MPRegen  0.1/turn               (no ring)

@: agile, very slow
A: unfitting armour, claws 3, clumsy 1, fast metabolism 3, gourmand, poison
resistance, regeneration 1, screaming 1, shaggy fur 1, tough skin 2
a: Bend Time, Renounce Religion


You were on level 4 of the Dungeon.
You worshipped Cheibriados.
Cheibriados was pleased with you.
You were completely stuffed.

You visited 1 branch of the dungeon, and saw 4 of its levels.

You collected 227 gold pieces.

Inventory:

Hand Weapons
 a - a +1 club
Missiles
 c - 5 large rocks (quivered)
 d - 2 throwing nets
Armour
 b - a +0 robe (worn)
 m - a +1 cloak
 x - a scarf of cold resistance (worn)
Jewellery
 t - a cursed amulet of faith {unknown}
 w - an uncursed ring of protection from cold {unknown}
 y - an uncursed ring of fire {unknown}
Scrolls
 e - 3 scrolls of random uselessness
 k - a scroll of enchant weapon
 o - 2 scrolls of enchant armour
 p - a scroll of teleportation {unknown}
 q - 6 scrolls of identify {unknown}
 s - 3 scrolls of remove curse {unknown}
 v - 5 scrolls of magic mapping {unknown}
 A - a scroll of fear {unknown}
Potions
 g - 3 potions of curing
 h - a potion of agility
 j - a potion of flight
Comestibles
 f - 3 bread rations
 i - 2 royal jellies
 l - 2 chunks of flesh


   Skills:
 + Level 3.2 Fighting
 + Level 2.6 Maces & Flails
 + Level 4.8 Throwing
 + Level 3.5 Dodging
 - Level 0.3 Stealth
 + Level 3.2 Unarmed Combat
 + Level 2.5 Invocations


You had 6 spell levels left.
You didn't know any spells.

Dungeon Overview and Level Annotations

Branches:
Dungeon (4/15)             Temple (0/1) D:4

Altars:
Cheibriados
Fedhas
Hepliaklqana

Shops:
D:4 [

Annotations:
D:4 Blork the orc


Innate Abilities, Weirdness & Mutations

You are too large for most types of armour.
You have claws for hands.
Your metabolism is lightning-fast.
You like to eat raw meat.
Your natural rate of healing is unusually fast.
You are covered in fur. (AC +1)
You have very tough skin. (AC +2)
You are clumsy. (Dex -2)
Your system is resistant to poisons. (rPois)
You occasionally shout uncontrollably at your foes.


Message History

The orc priest is almost dead.
The orc priest hits you but does no damage.
You claw the orc priest!
You kill the orc priest!
Cheibriados appreciates the change of pace.
You feel agile all of a sudden.
Blork the orc hits you with a battleaxe!
* * * LOW HITPOINT WARNING * * *
Okay, then.
As you read the scroll labeled KUDEOD DOIL, it crumbles to dust.
The dust glows brilliant grey!
It was a scroll of random uselessness.
Blork the orc closely misses you. Blork the orc misses you.
As you read the scroll labeled UQETTIMEKK, it crumbles to dust.
It is a scroll of enchant weapon.
Your club glows red for a moment.
Blork the orc completely misses you.
As you read the scroll labeled MECAER HERHEO, it crumbles to dust.
It is a scroll of enchant armour.
Your +0 cloak glows green for a moment.
Blork the orc hits you with a battleaxe!!
You die...

##<..............# #........
######.######....#####........
#..........##.................
#..........##....#####........
#..........##....# ####.....
#..........##....# #.....
#..........#.....# #.....
#............###.# ##.....
#............@)#.# ###......
###..######..#o#.. #........
#.# #..#..# ..####### #.
#.###.# # # ..# .# #. #..# ..
#. #... .. ##. #> .. ####..
.#.....


You could see Blork the orc.

Vanquished Creatures
  Grinder (D:4)
  Eustachio (D:4)
  Crazy Yiuf (D:3)
  2 orc priests
  4 orc wizards
  Natasha (thrice) (D:3)
  2 worker ants (D:4)
  6 adders
  An ooze (D:1)
  An adder skeleton (D:4)
  3 worms
  2 dart slugs
  A leopard gecko (D:3)
  9 orcs
  4 ball pythons
  3 giant cockroaches
  11 goblins
  5 hobgoblins
  5 jackals
  A quokka (D:2)
  10 bats
  8 frilled lizards
  8 kobolds
  6 rats
98 creatures vanquished.

Notes
Turn   | Place    | Note
-------+----------+-------------------------------------------
     0 | D:1      | Laphicet the Troll Hunter began the quest for the Orb.
     0 | D:1      | Reached XP level 1. HP: 19/19 MP: 0/0
    90 | D:1      | Reached XP level 2. HP: 28/28 MP: 1/1
   277 | D:1      | Reached skill level 1 in Unarmed Combat
   685 | D:2      | Reached XP level 3. HP: 35/35 MP: 2/2
   786 | D:2      | Found a blossoming altar of Fedhas.
   913 | D:2      | Reached skill level 4 in Throwing
   913 | D:2      | Reached XP level 4. HP: 39/42 MP: 3/3
  1175 | D:2      | Reached skill level 1 in Maces & Flails
  1368 | D:3      | Found a snail-covered altar of Cheibriados.
  1382 | D:3      | Became a worshipper of Cheibriados the Contemplative
  1412 | D:3      | Found a runed door.
  1587 | D:3      | Noticed Natasha
  1595 | D:3      | Killed Natasha
  1672 | D:3      | Reached XP level 5. HP: 31/49 MP: 4/4
  1830 | D:3      | Reached skill level 1 in Invocations
  1895 | D:3      | Reached * piety under Cheibriados
  1951 | D:3      | Noticed Natasha
  1959 | D:3      | Killed Natasha
  2255 | D:3      | Noticed Natasha
  2263 | D:3      | Killed Natasha
  2263 | D:3      | Reached XP level 6. HP: 49/59 MP: 6/6
  2352 | D:3      | Noticed Crazy Yiuf
  2356 | D:3      | Paralysed by Crazy Yiuf for 7 turns
  2363 | D:3      | Killed Crazy Yiuf
  2491 | D:4      | Noticed Eustachio
  2532 | D:4      | Killed Eustachio
  2631 | D:4      | Reached ** piety under Cheibriados
  2679 | D:4      | Found a staircase to the Ecumenical Temple.
  2683 | D:4      | Found a hazy altar of Hepliaklqana.
  2707 | D:4      | Noticed Grinder
  2724 | D:4      | Gained mutation: You are clumsy. (Dex -2) [potion of mutation]
  2724 | D:4      | Gained mutation: You occasionally shout uncontrollably at your foes. [potion of mutation]
  2724 | D:4      | Gained mutation: Your system is resistant to poisons. (rPois) [potion of mutation]
  2731 | D:4      | Killed Grinder
  2731 | D:4      | Reached XP level 7. HP: 41/67 MP: 7/7
  2848 | D:4      | Found Qoytucali's Armour Shop.
  2975 | D:4      | Noticed Blork the orc
  2988 | D:4      | Slain by Blork the orc

Vault maps used:
D:1:      dpeg_arrival_rhombi
D:2:      fedhas_altar_2, first_bread
D:3:      cheibriados_altar_1, uniq_natasha, uniq_crazy_yiuf_cottage
D:4:      lemuel_crystal_altar, minmay_temple_entry_glassed_door,
          minmay_fountain_box, kennysheep_small_square, uniq_blork_the_orc,
          uniq_eustachio, uniq_grinder

Skill      XL: |  1  2  3  4  5  6 |
---------------+-------------------+-----
Unarmed Combat | 1 2 3 |  3.2
Dodging        | 2 3 |  3.5
Throwing       | 4 |  4.8
Maces & Flails | 1 2 |  2.6
Fighting       | 2 3 |  3.2
Invocations    | 1 2 |  2.5
Stealth        | |  0.3

Action                   |  1- 3 |  4- 6 |  7- 9 || total
-------------------------+-------+-------+-------++-------
Melee: Unarmed           |   110 |   194 |    29 ||   333
  Use: Potion            |       |     5 |     3 ||     8
       Scroll            |       |       |     3 ||     3
 Stab: Sleeping          |     1 |     2 |       ||     3
  Eat: Chunk             |    14 |    14 |     2 ||    30
Armor: Robe              |    49 |    80 |     3 ||   132
       Skin              |       |       |     7 ||     7
Dodge: Dodged            |    63 |   133 |    12 ||   208
